Map: Nightscape LE

Players

KweiTeow - Winner!

  • Race: Terran Terran
  • League: Diamond
  • Spawn Location: 7:00

Ichi - Winner!

  • Race: Zerg Zerg
  • Spawn Location: 7:00

Massa

  • Race: Terran Terran
  • League: Platinum
  • Spawn Location: 1:00

qqq

  • Race: Zerg Zerg
  • League: Platinum
  • Spawn Location: 1:00

VOD

Have the link to the VOD?

Description

Time

  • Played on: Jan. 2, 2021, 3:47 p.m.
  • Length: 13:16
Show
View Real Time Build Order
Export as new Build Order

KweiTeow Terran - Winner!

Build Orders: Hellion Opening, Reaper Expand 

Get SALT Encoding   

  12  0:00  SCV  
  13  0:12  SCV  
  14  0:18  Supply Depot  
  14  0:24  SCV  
  15  0:39  SCV  
  15  0:40  Barracks  
  16  0:45  Refinery  
  16  0:51  SCV  
  17  1:04  SCV  
  18  1:16  SCV  
  19  1:29  Orbital Command  
  19  1:30  Reaper  
  20  1:45  Command Center  
  20  1:55  SCV  
  21  2:04  Marine  
  21  2:07  SCV  
  23  2:12  Factory  
  23  2:14  Supply Depot  
  23  2:17  Refinery  
  23  2:26  Barracks Reactor  
  23  2:35  SCV  
  24  2:48  SCV  
  25  3:00  SCV  
  25  3:02  Orbital Command  
  26  3:08  Hellion x2  
  26  3:12  Starport, SCV  
  31  3:14  Marine  
  32  3:24  SCV  
  33  3:29  SCV, Hellion  
  33  3:30  Hellion  
  38  3:35  Supply Depot  
  38  3:36  SCV  
  39  3:42  SCV  
  39  3:48  SCV, Fusion Core  
  41  3:51  Starport Tech Lab  
  41  3:54  SCV  
  42  3:59  Hellion x2  
  42  4:00  SCV  
  47  4:04  Supply Depot  
  47  4:06  SCV  
  48  4:12  SCV  
  48  4:14  Supply Depot  
  48  4:16  Supply Depot  
  49  4:18  SCV  
  48  4:29  Supply Depot  
  48  4:30  Supply Depot x2  
  44  4:54  SCV x2, Battlecruiser  
  52  5:01  Hellion  
  52  5:06  Barracks Tech Lab, SCV  
  52  5:07  SCV  
  58  5:19  SCV x2  
  60  5:27  Stimpack  
  58  5:30  Barracks  
  58  5:31  SCV x2, Barracks  
  58  5:34  Factory Tech Lab  
  60  5:43  SCV x2  
  60  5:45  Marine  
  63  5:55  SCV  
  63  5:56  SCV  
  61  6:02  Marine  
  63  6:14  Starport Reactor  
  63  6:15  SCV x2  
  65  6:19  Marine x2  
  65  6:20  Marine  
  68  6:26  Marine  
  68  6:27  SCV x2  
  71  6:32  Engineering Bay  
  71  6:37  Marine x2  
  71  6:39  SCV x2  
  72  6:46  Marine x2  
  74  6:47  Siege Tank  
  77  6:55  Marine x2  
  77  6:56  Medivac x2  
  77  6:57  SCV x2  
  79  7:02  Refinery  
  79  7:03  Refinery  
  79  7:06  Barracks Reactor, Marauder  
  79  7:08  Command Center  
  81  7:09  SCV x2  
  81  7:10  Missile Turret  
  81  7:14  Missile Turret  
  81  7:15  Missile Turret  
  83  7:16  Missile Turret  
  83  7:17  Marine x2  
  85  7:23  Barracks  
  85  7:24  Barracks, Combat Shield  
  85  7:25  Factory  
  85  7:27  Marine  
  86  7:34  Marine x2  
  86  7:35  Siege Tank  
  91  7:40  Viking x2  
  91  7:43  Terran Infantry Weapons Level 1  
  95  7:46  SCV x2  
  97  7:52  Marauder, Marine  
  97  7:57  Marine  
  97  7:58  Marine  
  102  8:06  Supply Depot  
  102  8:10  Supply Depot  
  102  8:17  Barracks Reactor, Barracks Tech Lab  
  102  8:19  Marine x3  
  106  8:20  SCV x2, Marauder  
  109  8:35  Marine  
  109  8:36  Marauder, Siege Tank x2  
  109  8:37  Marine x2  
  120  8:42  Supply Depot  
  118  9:02  Refinery  
  116  9:03  Refinery, Marine x2  
  116  9:04  Marauder x2, Marine x4  
  126  9:21  Marine  
  126  9:25  Marauder x2  
  126  9:30  Marine x5  
  129  9:31  Siege Tank x2  
  135  9:39  Marine  
  136  9:46  Marine  
  136  9:49  Marauder, Marine x3  
  141  10:10  Supply Depot  
  141  10:11  Orbital Command, Supply Depot  
  141  10:31  Marine  
  141  10:32  Marine x3, Medivac x2, Siege Tank  
  141  10:33  Marauder, Siege Tank  
  157  10:58  Terran Infantry Armor Level 1  
  157  10:59  Supply Depot x2  
  157  11:00  Supply Depot  
  157  11:02  Marauder x2, Medivac x2  
  168  11:04  Armory, Siege Tank  
  168  11:05  Siege Tank  
  168  11:06  Engineering Bay  
  171  11:24  Marauder x2  
  168  11:39  Marine x5  
  162  11:43  Marine  
  162  11:44  Marine  
  162  11:45  Marauder  
  167  11:49  Starport x2  
  167  11:51  Starport  
  167  12:00  Viking x2  
  171  12:06  Missile Turret  
  171  12:07  Missile Turret  
  171  12:09  Missile Turret  
  171  12:27  Starport Tech Lab, Starport Reactor  
  171  12:28  Starport Reactor  
  171  12:30  Viking x2  
  171  12:36  Supply Depot  
  175  12:37  Supply Depot  
  175  12:38  Supply Depot  
Show
View Real Time Build Order
Export as new Build Order

Ichi Zerg - Winner!

Build Orders: Hatch First 

Get SALT Encoding   

  12  0:01  Drone  
  13  0:12  Overlord  
  13  0:17  Drone  
  14  0:27  Extractor, Drone  
  15  0:32  Drone  
  16  0:36  Drone  
  17  0:54  Hatchery  
  16  0:57  Drone  
  16  0:59  Drone  
  18  1:11  Extractor  
  17  1:16  Evolution Chamber  
  17  1:18  Spawning Pool  
  17  1:19  Drone  
  17  1:22  Drone  
  18  1:28  Drone  
  19  1:39  Overlord  
  19  1:51  Drone  
  20  2:05  Queen, Zergling x2  
  23  2:08  Drone, Queen  
  23  2:12  Zergling x2  
  23  2:14  Metabolic Boost  
  27  2:20  Drone  
  28  2:23  Overlord  
  28  2:34  Drone  
  28  2:36  Drone  
  30  2:44  Queen  
  30  2:45  Drone  
  33  2:56  Drone x2  
  33  2:57  Overlord  
  35  3:10  Drone  
  35  3:11  Drone  
  37  3:13  Drone  
  37  3:15  Drone x2  
  37  3:18  Drone x2  
  37  3:19  Drone x3  
  45  3:28  Drone  
  45  3:30  Drone  
  47  3:35  Extractor, Zergling x2  
  47  3:38  Lair  
  47  3:40  Drone  
  48  3:45  Extractor  
  47  3:50  Overlord  
  47  3:54  Drone, Zergling x4  
  47  3:55  Zergling x2  
  51  4:01  Zergling x2  
  51  4:02  Hatchery, Overlord  
  51  4:06  Overlord, Baneling Nest  
  51  4:09  Drone  
  51  4:11  Drone  
  52  4:20  Zergling x8  
  52  4:23  Queen  
  58  4:36  Drone x3  
  58  4:37  Overlord  
  62  4:38  Zergling x4  
  57  4:54  Centrifical Hooks  
  57  4:57  Drone  
  57  4:58  Drone x5, Hydralisk Den  
  62  5:12  Overlord x2  
  62  5:13  Extractor, Drone x2  
  62  5:14  Drone  
  64  5:16  Drone  
  62  5:39  Zergling x12  
  62  5:40  Zergling x2  
  68  5:49  Extractor, Overlord  
  67  5:50  Extractor, Zergling x2, Overlord  
  67  5:51  Zergling x4  
  68  6:02  Hydralisk  
  68  6:03  Hydralisk x4, Muscular Augments  
  77  6:09  Overlord x2  
  77  6:12  Overseer  
  77  6:13  Evolution Chamber x2  
  70  6:22  Drone x5  
  73  6:32  Drone x3  
  76  6:33  Spore Crawler  
  76  6:35  Hydralisk, Spore Crawler  
  72  6:47  Drone  
  72  6:48  Drone  
  72  6:49  Overlord x2  
  72  6:51  Drone x4  
  78  6:55  Zerg Missile Weapons Level 1, Zerg Ground Armor Level 1  
  78  6:56  Hydralisk x5  
  78  7:00  Overlord x2  
  88  7:08  Hatchery  
  87  7:18  Hydralisk x2, Spore Crawler  
  87  7:20  Zergling x2  
  87  7:21  Zergling x8  
  87  7:22  Drone x2  
  97  7:23  Drone  
  97  7:24  Drone  
  97  7:26  Queen  
  101  7:30  Hydralisk x2  
  101  7:36  Zergling x2  
  101  7:37  Zergling x2, Overlord  
  107  7:44  Baneling x4  
  107  7:49  Infestation Pit  
  107  7:51  Spire  
  105  8:00  Drone x4  
  105  8:01  Drone x4, Overlord x2  
  105  8:02  Hydralisk x2  
  117  8:07  Overseer  
  117  8:12  Drone x3  
  116  8:36  Hydralisk x2, Zergling x6  
  122  8:51  Zerg Ground Armor Level 2, Zerg Missile Weapons Level 2, Hive  
  122  8:52  Spire  
  122  8:54  Queen  
  122  8:55  Queen  
  123  8:59  Zergling x4  
  123  9:01  Zergling x6  
  117  9:18  Zergling x12  
  117  9:19  Zergling x4  
  123  9:26  Zergling x2  
  123  9:27  Zergling x14  
  123  9:30  Queen  
  128  9:33  Zergling x4  
  128  9:34  Zergling x6  
  132  9:40  Lurker Den  
  132  9:43  Zergling x4  
  129  9:56  Zergling x6  
  122  10:02  Zergling x6  
  122  10:04  Hydralisk x2, Zergling x2  
  119  10:18  Hydralisk x3, Zergling x6  
  121  10:34  Zergling x8  
  121  10:35  Zergling x2  
  122  10:45  Hatchery  
  122  10:48  Hydralisk x5  
  122  10:49  Hydralisk  
  131  10:54  Adrenal Glands  
  131  10:56  Zerg Flyer Armor Level 1  
  126  10:57  Hatchery, Corruptor x2  
  126  10:58  Corruptor  
  131  11:05  Hatchery  
  131  11:06  Hatchery  
  131  11:07  Lurker  
  131  11:08  Lurker  
  131  11:12  Grooved Spines  
  131  11:15  Adaptive Talons  
  131  11:20  Zergling x8  
  133  11:56  Corruptor x5  
  133  11:57  Corruptor x2  
  133  11:59  Drone x5  
  152  12:12  Seismic Spines  
  150  12:19  Zergling x2  
  150  12:20  Zergling x8  
  153  12:25  Baneling  
  153  12:26  Baneling x2  
  151  12:42  Hydralisk x3  
  151  12:43  Hydralisk  
  155  12:44  Corruptor  
  155  12:45  Corruptor x6  
  171  13:03  Extractor  
  171  13:04  Extractor  
Show
View Real Time Build Order
Export as new Build Order

Massa Terran 

Build Orders: 2 Factory, Hellion Opening 

Get SALT Encoding   

  12  0:00  SCV  
  13  0:14  SCV  
  14  0:22  Supply Depot  
  14  0:26  SCV  
  15  0:30  Refinery  
  15  0:44  SCV  
  15  0:45  Barracks  
  16  0:56  SCV  
  17  0:57  Refinery  
  17  1:08  SCV  
  18  1:20  SCV  
  19  1:32  SCV  
  20  1:37  Supply Depot  
  20  1:38  Reaper  
  21  1:44  SCV  
  21  1:46  Factory  
  22  1:59  Orbital Command  
  22  2:12  Factory  
  22  2:15  Barracks Tech Lab  
  22  2:27  SCV  
  23  2:38  Supply Depot  
  23  2:42  Barracks Reactor  
  23  2:45  Hellion  
  23  2:46  Infernal Pre-Igniter  
  25  2:56  Hellion  
  27  3:07  Hellion  
  27  3:10  Supply Depot  
  29  3:25  Command Center  
  29  3:28  Hellion  
  29  3:32  Hellion  
  33  3:35  Hellion  
  35  3:51  Hellion  
  35  3:54  Hellion  
  39  3:57  Supply Depot  
  39  4:00  Hellion  
  41  4:11  SCV  
  41  4:12  Hellion  
  41  4:15  Hellion  
  46  4:23  SCV  
  47  4:35  SCV  
  48  4:47  SCV  
  33  4:53  Hellion x3  
  33  4:57  Orbital Command  
  33  4:59  SCV  
  40  5:00  Barracks Tech Lab  
  40  5:06  Engineering Bay  
  40  5:14  Hellion x2  
  40  5:15  Hellion  
  44  6:08  Widow Mine x2  
  47  6:15  Cyclone  
  42  6:25  SCV  
  37  6:29  Widow Mine x2  
  41  6:43  Marine  
  36  7:00  Marine  
  37  7:04  SCV x2  
  39  7:15  Terran Infantry Weapons Level 1  
  39  7:16  SCV  
  39  7:18  Command Center  
  39  7:22  Refinery  
  40  7:23  Refinery  
  40  7:25  Command Center  
  40  7:27  Marine  
  40  7:29  Widow Mine x2  
  45  7:30  Siege Tank  
  45  7:32  Mag-Field Accelerator  
  48  7:40  Starport  
  48  7:45  Starport  
  48  7:49  Missile Turret  
  48  8:09  Cyclone  
  48  8:10  Widow Mine x2  
  55  8:21  Starport Tech Lab, Barracks  
  55  8:23  Starport Reactor  
  55  8:24  SCV x2  
  55  8:25  Barracks  
  57  8:36  SCV  
  57  8:37  SCV  
  59  8:53  SCV x3  
  59  8:55  Marauder  
  56  9:05  SCV x2  
  56  9:09  Viking x2  
  62  9:11  Raven  
  62  9:16  Marauder  
  62  9:38  Marauder  
  59  9:40  Marine x2  
  59  9:48  Barracks  
  59  9:49  Barracks  
  59  9:52  Barracks  
  58  9:58  Marine x2  
  58  9:59  Marauder  
  54  10:04  Widow Mine x2  
  51  10:07  SCV  
  50  10:16  Marine x2  
  50  10:19  SCV  
  50  10:20  Marauder  
  58  10:32  SCV  
  58  10:34  Marine x2  
  51  10:37  Marine  
  51  10:38  Marine x2  
  50  10:44  SCV  
  50  10:48  Banshee  
  39  10:51  Marine  
  39  10:52  Marine  
  39  10:55  Marine  
  39  10:56  SCV, Marine x2  
  37  10:59  Medivac x2  
  41  11:08  SCV  
  41  11:09  Marine x2  
  42  11:13  Marine  
  42  11:14  Marine x2  
  42  11:15  Cloaking Field  
  45  11:20  Factory  
  44  11:27  Marine x2  
  44  11:28  Supply Depot  
  44  11:31  Banshee, Marine  
  45  11:36  Marine  
  45  11:37  Marine  
  39  11:45  Marine x2  
  41  11:49  Marine  
  41  11:53  Marine  
  43  11:55  Marine  
  43  11:58  Planetary Fortress  
  44  12:03  Marine  
  44  12:07  Marine  
  39  12:11  Marine  
  39  12:12  Marine  
  40  12:16  Barracks Tech Lab  
  40  12:21  Marine  
  40  12:24  Marine  
  40  12:28  SCV  
  42  12:35  Armory  
  42  12:40  SCV  
  45  12:44  Marauder, Marine  
  45  12:46  Barracks Tech Lab  
  46  12:54  Factory Tech Lab  
  46  13:01  Factory  
Show
View Real Time Build Order
Export as new Build Order

qqq Zerg 

Build Orders: Hatch First, Brood Lord Corruptor, Muta Ling Bane 

Get SALT Encoding   

  12  0:09  Drone  
  12  0:11  Drone  
  14  0:28  Overlord  
  14  0:48  Drone, Hatchery  
  14  0:52  Drone  
  14  0:56  Drone  
  16  1:20  Extractor, Spawning Pool  
  16  1:21  Drone  
  16  1:22  Drone  
  16  1:31  Drone  
  17  1:33  Drone  
  18  1:52  Drone  
  19  1:58  Drone  
  21  2:01  Drone  
  20  2:18  Drone x2  
  20  2:20  Drone  
  20  2:21  Extractor  
  20  2:22  Queen  
  24  2:23  Drone  
  25  2:36  Drone  
  25  2:37  Drone  
  27  2:45  Lair  
  27  2:48  Drone  
  28  2:54  Overlord  
  28  3:03  Hatchery, Overlord  
  28  3:04  Drone  
  28  3:09  Overlord  
  28  3:26  Drone x3  
  31  3:27  Drone  
  31  3:32  Overlord  
  32  3:38  Drone  
  33  3:45  Spire  
  33  3:46  Drone  
  33  3:50  Drone  
  33  3:51  Queen  
  36  3:57  Infestation Pit  
  36  4:00  Metabolic Boost  
  36  4:02  Drone  
  36  4:04  Zergling x2  
  36  4:06  Zergling x2  
  36  4:09  Drone  
  39  4:13  Extractor  
  39  4:14  Extractor  
  37  4:20  Drone x2  
  37  4:23  Zergling x2  
  40  4:28  Drone  
  41  4:38  Drone x2  
  41  4:40  Overlord  
  41  4:43  Drone  
  44  4:51  Hatchery  
  43  4:53  Zergling x4  
  43  4:54  Drone x3  
  43  4:55  Drone  
  43  4:59  Mutalisk  
  49  5:04  Drone x2  
  53  5:10  Zerg Flyer Weapons Level 1  
  53  5:11  Hive  
  53  5:15  Drone x2  
  55  5:24  Mutalisk  
  55  5:26  Drone x2  
  59  5:33  Mutalisk  
  59  5:34  Overlord  
  59  5:35  Overlord  
  61  5:36  Drone x2  
  61  5:40  Mutalisk  
  65  5:49  Baneling Nest  
  64  5:54  Mutalisk  
  64  5:56  Zergling x4  
  64  5:57  Drone x6  
  70  6:01  Drone  
  70  6:03  Queen  
  77  6:05  Extractor  
  77  6:06  Extractor  
  77  6:08  Spine Crawler  
  77  6:11  Corruptor  
  76  6:28  Corruptor  
  76  6:29  Corruptor  
  78  6:40  Corruptor  
  78  6:41  Corruptor  
  82  7:02  Viper  
  82  7:04  Zergling x2  
  82  7:05  Drone x2  
  88  7:10  Overlord x5  
  88  7:20  Overlord x3  
  88  7:28  Centrifical Hooks  
  88  7:32  Zergling x4  
  88  7:33  Drone x2  
  88  7:34  Drone x4  
  96  7:38  Hatchery x2  
  94  7:45  Queen  
  96  7:55  Baneling x6  
  96  7:56  Baneling x2, Mutalisk  
  96  7:57  Corruptor  
  100  8:01  Drone x4  
  104  8:10  Corruptor  
  104  8:11  Mutalisk  
  108  8:20  Queen  
  103  8:36  Viper x2  
  110  8:48  Greater Spire  
  110  8:49  Drone x3  
  110  8:50  Drone x3  
  110  8:53  Spine Crawler  
  110  8:55  Mutalisk x3  
  115  8:56  Zergling x6  
  115  8:57  Zergling x2  
  125  9:06  Baneling  
  125  9:07  Baneling x3  
  111  9:35  Viper x2  
  111  9:37  Zergling x8  
  108  9:55  Mutalisk x2  
  108  9:56  Mutalisk x3  
  86  10:27  Overlord x3  
  76  10:43  Overlord  
  76  10:45  Overlord x2  
  76  10:46  Drone x3  
  75  10:59  Brood Lord x5  
  75  11:02  Overlord  
  75  11:03  Drone x2, Zergling x2  
  75  11:04  Drone  
  89  11:06  Extractor  
  89  11:07  Extractor  
  87  11:14  Corruptor  
  87  11:16  Drone x2  
  91  11:18  Spine Crawler  
  91  11:19  Hatchery  
  91  11:21  Spine Crawler  
  77  11:53  Brood Lord x2  
  81  11:54  Corruptor x3  
  81  11:59  Spine Crawler  
  81  12:00  Spine Crawler  
  85  12:02  Spine Crawler  
  85  12:03  Spine Crawler  
  85  12:06  Drone x3  
  82  12:28  Corruptor  
  82  12:29  Corruptor x2  
  88  12:30  Drone x2  
  88  12:33  Hatchery  
  80  12:47  Hatchery  
Tags
 
Add a new tag
Caveats
  • Supply blocks, unpowered buildings, or Contaminate may cause inaccurate times.
  • Supply counts are checked every 10 seconds.